 Dungeon Crawl Stone Soup version 0.28.0-45-g0d030f2227 (webtiles) character file.

Game seed: 12063063533272092604

6862 sanboga the Cleaver (level 11, -2/69 HPs)
             Began as a Gargoyle Fighter on Apr 19, 2022.
             Was a Follower of Trog.
             Killed by divine providence
             ... invoked by a meliai
              (11 damage)
             ... on level 9 of the Dungeon.
             The game lasted 00:13:25 (9127 turns).

sanboga the Cleaver (Gargoyle Fighter)              Turns: 9127, Time: 00:13:25

Health: -2/69      AC: 20    Str: 24    XL:     11   Next: 6%
Magic:  11/11      EV:  7    Int:  9    God:    Trog [*.....]
Gold:   636        SH: 13    Dex: 13    Spells: 10/10 levels left

rFire   + + .      SeeInvis .   a - +7 hand axe of the Imperium {vorpal, *Rage rF++ rN+ Dex+4}
rCold   . . .      Faith    .   y - +2 kite shield
rNeg    + + +      Spirit   .   l - +0 chain mail
rPois   ∞          Reflect  .   (no helmet)
rElec   +          Harm     .   (no cloak)
rCorr   .          Rampage  .   f - +0 pair of gloves
Will    .....      Rage     20% (no boots)
Stlth   ..........              w - amulet "Kyho Ari" {+Blink Regen+}
HPRegen 1.01/turn               r - ring of flight
MPRegen 0.12/turn               B - ring of positive energy

@: on berserk cooldown, flying, slowed, studying Maces & Flails, very slow
A: sickness immunity, AC +8, negative energy resistance 1, electricity
resistance, torment resistance 1, petrification resistance
a: Renounce Religion, Evoke Blink, Berserk


You were on level 9 of the Dungeon.
You worshipped Trog.
Trog was aware of your devotion.
You visited 2 branches of the dungeon, and saw 10 of its levels.
You also visited: Sewer.

You collected 636 gold pieces.

Inventory:

Hand Weapons
 a - the +7 hand axe of the Imperium (weapon) {vorpal, *Rage rF++ rN+ Dex+4}
   (You found it on level 2 of the Dungeon)

   It inflicts extra damage upon your enemies.
   Dex:       It affects your dexterity (+4).
   rF:        It greatly protects you from fire.
   rN:        It protects you from negative energy.
   *Rage:     It berserks you when you make melee attacks (+20% chance).
 b - a +0 broad axe
Armour
 f - a +0 pair of gloves (worn)
 l - a +0 chain mail (worn)
 y - a +2 kite shield (worn)
Jewellery
 r - a ring of flight (left hand)
 w - the amulet "Kyho Ari" (around neck) {+Blink Regen+}
   (You found it on level 5 of the Dungeon)

   [amulet of regeneration]

   +Blink:    It lets you blink.
   Regen:     It increases your rate of health regeneration.
 B - a ring of positive energy (right hand)
Wands
 v - a wand of acid (7)
 x - a wand of paralysis (7)
 C - a wand of digging (10)
 E - a wand of polymorph (7)
Scrolls
 i - 4 scrolls of fear
 j - 7 scrolls of teleportation
 m - 3 scrolls of immolation {unknown}
 n - 2 scrolls of magic mapping {unknown}
 o - 2 scrolls of brand weapon {unknown}
 u - a scroll of vulnerability {unknown}
 z - 2 scrolls of enchant weapon {unknown}
 A - 2 scrolls of amnesia {unknown}
 D - a scroll of summoning {unknown}
Potions
 c - 2 potions of lignification {unknown}
 d - 3 potions of might
 e - 3 potions of heal wounds
 g - 10 potions of curing
 h - a potion of mutation {unknown}
 k - 2 potions of attraction {unknown}
 p - 2 potions of haste
 q - a potion of berserk rage
 s - 2 potions of degeneration {unknown}
 t - a potion of cancellation {unknown}


   Skills:
 + Level 8.8 Fighting
 * Level 9.9 Axes
 + Level 8.8 Armour
 + Level 8.8 Shields


You had 10 spell levels left.
You didn't know any spells.
Your spell library contained the following spells:

 Spells                   Type           Power      Damage    Failure   Level
 Animate Dead             Necr           0%         N/A       100%        4
 Leda's Liquefaction      Hex/Erth       0%         N/A       100%        4
 Borgnjor's Vile Clutch   Necr/Erth      0%         N/A       100%        5
 Lee's Rapid Deconstruct  Erth           0%         3d5*      100%        5
 Death Channel            Necr           0%         N/A       100%        6
 Statue Form              Tmut/Erth      Unusable   N/A       N/A         6

Dungeon Overview and Level Annotations

Branches:
Dungeon (9/15)             Temple (1/1) D:7           Sewer (visited)
   Lair: D:8-11         Orc: D:9-12

Altars:
Cheibriados
Dithmenos
Elyvilon
Fedhas
Gozag
Hepliaklqana
Kikubaaqudgha
Nemelex Xobeh
Okawaru
Qazlal
Ru
Sif Muna
Trog
Uskayaw
Vehumet
Wu Jian
Xom
Yredelemnul
Zin
The Shining One

Shops:
D:3 *   D:5 :


Innate Abilities, Weirdness & Mutations

You are immune to sickness and miasma.
Your stone body is resilient. (AC +8)
You are immune to poison.
You resist negative energy. (rN+)
You are resistant to electric shocks. (rElec)
You are resistant to unholy torment.
You are immune to petrification.


Message History

Trog accepts your kill.
The meliai calls down the wrath of its god upon you.
Something smites you!
You completely miss the centaur zombie.
You block the centaur zombie's attack. x2
You are too berserk!
The meliai calls down the wrath of its god upon you.
Something smites you!
* * * LOW HITPOINT WARNING * * *
Found a long sword.
You feel a strong urge to attack something.
You are no longer berserk.
You are exhausted.
You feel yourself slow down.
The meliai hits you with a +0 vorpal war axe.
* * * LOW HITPOINT WARNING * * *
x2 You block the meliai's attack. x2
The meliai stings you but does no damage.
The meliai hits you with a +0 war axe.
* * * LOW HITPOINT WARNING * * *
The meliai barely misses you.
You feel much better. The meliai hits you but does no damage.
You block the meliai's attack.
The meliai invokes the aid of its god against you.
Something smites you! You block the meliai's attack. x2
The meliai barely misses you.
The meliai stings you but does no damage.
The centaur zombie barely misses you.
The centaur zombie kicks you but does no damage.
The meliai hits you with a +0 vorpal war axe.
* * * LOW HITPOINT WARNING * * *
x2 The meliai stings you but does no damage.
The meliai hits you but does no damage. You block the meliai's attack.
The centaur zombie hits you but does no damage.
The centaur zombie kicks you but does no damage.
The meliai invokes the aid of its god against you.
Something smites you!
* * * LOW HITPOINT WARNING * * *
The meliai mumbles some strange prayers to its god against you.
Something smites you!
You die...

#.# ##.## . #.# #..# ##
... #.# #####.#######.
.....####.###.............
......y.......###.########
......###.##### #.## #....
........yyZ.#####.†###....
....)####y#...>..†........
... #@########†##..<.. ..
#.# #........ . #<#
##...##.# #.# #..#....#
#.# ###.###..## #.# #...#
#..## ..######.### #....
.##......# #.##. #......#
#.###


You could see 3 meliai and a centaur zombie.

Vanquished Creatures
  2 two-headed ogres
  The ghost of issech the Cudgeller, a novice TrMo of Hepliaklqana (D:5)
  A hornet (D:9)
  A wyvern (D:9)
  An orc warrior (D:9)
  3 sky beasts
  4 black bears
  3 ogres
  A necrophage (D:5)
  2 phantoms
  3 centaurs
  8 kobold brigands
  A bullfrog (D:8)
  4 gnoll sergeants
  4 scorpions
  10 killer bees (D:9)
  13 wights
  A howler monkey (D:9)
  2 bullfrog zombies
  4 centaur zombies
  3 bullfrog skeletons
  6 orc priests
  2 hounds
  2 centaur skeletons
  A gnoll shaman (D:5)
  An iguana (D:5)
  14 orc wizards
  Terence (D:2)
  A killer bee zombie (D:8)
  2 howler monkey zombies
  A howler monkey skeleton (D:7)
  13 adders
  9 gnolls
  3 river rats (Sewer)
  2 shadow imps
  A white imp (D:7)
  2 adder skeletons (D:4)
  4 worms
  3 dart slugs
  27 orcs
  3 bats
  7 endoplasms
  4 giant cockroaches
  5 goblins
  3 hobgoblins
  4 jackals (D:2)
  5 quokkas
  12 ball pythons
  2 frilled lizards (D:1)
  23 kobolds
  12 rats
247 creatures vanquished.

Vanquished Creatures (others)
  3 kobolds (D:8)
  12 plants
15 creatures vanquished.

Grand Total: 262 creatures vanquished

Notes
Turn   | Place    | Note
-------+----------+-------------------------------------------
     0 | D:1      | sanboga the Gargoyle Fighter began the quest for the Orb.
     0 | D:1      | Reached XP level 1. HP: 14/14 MP: 1/1
   105 | D:1      | Reached skill level 2 in Axes
   108 | D:1      | Reached XP level 2. HP: 6/19 MP: 2/2
  1078 | D:2      | Identified the +7 hand axe of the Imperium {vorpal, *Rage
                  | rF++ rN+ Dex+4}
  1086 | D:2      | Reached XP level 3. HP: 23/23 MP: 3/3
  1474 | D:2      | Found a faded altar of an unknown god.
  1671 | D:2      | Noticed Terence
  1680 | D:2      | Killed Terence
  1681 | D:2      | Reached XP level 4. HP: 20/29 MP: 4/4
  1835 | D:3      | Found an opulent altar of Gozag.
  2314 | D:3      | Reached skill level 3 in Axes
  2353 | D:3      | Found Gozag's Platinum Reserve.
  2952 | D:4      | Reached XP level 5. HP: 33/33 MP: 5/5
  3029 | D:4      | Found an iron altar of Okawaru.
  3029 | D:4      | Found a faded altar of an unknown god.
  3036 | D:4      | Found a white marble altar of Elyvilon.
  3038 | D:4      | Found a shimmering blue altar of Sif Muna.
  3040 | D:4      | Found an ancient bone altar of Kikubaaqudgha.
  3095 | D:4      | Noticed a black bear
  3100 | D:4      | Killed a black bear
  3101 | D:4      | Reached XP level 6. HP: 39/39 MP: 6/6
  3539 | D:4      | Reached skill level 4 in Axes
  3729 | D:5      | Entered Level 5 of the Dungeon
  3729 | D:5      | Noticed a black bear
  3729 | D:5      | Found a transporter.
  3733 | D:5      | Killed a black bear
  3739 | D:5      | Reached XP level 7. HP: 41/44 MP: 7/7
  3768 | D:5      | Found Enoqasch's Book Shop.
  3785 | D:5      | Reached skill level 5 in Fighting
  3785 | D:5      | Reached skill level 5 in Armour
  3785 | D:5      | Reached skill level 5 in Shields
  3835 | D:5      | Found a glowing drain.
  3854 | Sewer    | Entered a sewer
  3971 | Sewer    | Reached skill level 5 in Axes
  4377 | Sewer    | Reached XP level 8. HP: 46/50 MP: 8/8
  4518 | D:5      | Reached skill level 6 in Axes
  4637 | D:5      | Reached XP level 9. HP: 56/56 MP: 9/9
  4819 | D:5      | Found a hazy altar of Hepliaklqana.
  4910 | D:5      | Identified the +8 trident of Hatred {venom, rElec rPois}
  4910 | D:5      | Noticed issech's ghost (novice TrMo)
  4944 | D:5      | Found a transporter.
  5148 | D:5      | Reached skill level 7 in Axes
  5397 | D:5      | Killed issech's ghost
  5440 | D:5      | Identified the amulet "Kyho Ari" {+Blink Regen+}
  5622 | D:6      | Noticed a two-headed ogre
  5636 | D:6      | Killed a two-headed ogre
  5637 | D:6      | Reached skill level 8 in Axes
  5649 | D:6      | Reached XP level 10. HP: 63/63 MP: 10/10
  6367 | D:6      | Found a glowing silver altar of Zin.
  6367 | D:6      | Found a sacrificial altar of Ru.
  6375 | D:6      | Found a blossoming altar of Fedhas.
  6690 | D:7      | Found a basalt altar of Yredelemnul.
  6851 | D:7      | Reached skill level 9 in Axes
  7049 | D:7      | Found a glowing golden altar of the Shining One.
  7520 | D:7      | Found a staircase to the Ecumenical Temple.
  7634 | Temple   | Entered the Ecumenical Temple
  7767 | Temple   | Became a worshipper of Trog the Wrathful
  8742 | D:9      | Noticed a two-headed ogre
  8752 | D:9      | Killed a two-headed ogre
  8968 | D:9      | Reached * piety under Trog
  8989 | D:9      | Reached XP level 11. HP: 69/69 MP: 11/11
  9127 | D:9      | Killed from afar by a meliai

Illustrated notes

Levels and vault maps discovered:
D:1:      wheals_arrival_linesprint, layout_basic, minmay_surrounded
D:2:      layout_basic, shapermc_ecumenical_altar_acropolis, uniq_terence
D:3:      layout_loops_corners, nicolae_gozag_zags_fifth_avenue,
          minmay_misc_feat_rugged, amethyst_killhole, chequers_big_river,
          hangedman_decor_riveting
D:4:      nicolae_cairo_tiling, layout_cave_pods,
          chequers_temple_overflow_minitemple
D:5:      layout_cave_pools, worldfamousw_hep_ancestral_shrine, serial_shops,
          nicolae_shop_advertising_works [nicolae_subvault_shop_adworks],
          gammafunk_ghost_gnarly_gnolls, gup_sewer_entry_glass
D:6:      minmay_general_purpose_star, layout_loops_ring, minitemple,
          kennysheep_cross_bottleneck, minmay_increasing_density
D:7:      layout_layer_cave, nicolae_overflow_crystal_walls,
          lemuel_doored_altar, temple_hall
D:8:      layout_loops_ring, lemuel_flame_loot_1
D:9:      layout_rooms, kennysheep_generic_room_16
Temple:   nicolae_temple_figure_zero

Skill      XL: |  1  2  3  4  5  6  7  8  9 10 |
---------------+-------------------------------+-----
Axes           | 2 3 4 5 6 8 9 |  9.9
Fighting       | 4 5 6 7 8 |  8.8
Armour         | 4 5 6 7 8 |  8.8
Shields        | 4 5 6 7 8 |  8.8

Action                   |  1- 3 |  4- 6 |  7- 9 | 10-12 || total
-------------------------+-------+-------+-------+-------++-------
Melee: War axe           |    51 |       |       |       ||    51
       Hand axe          |    42 |    73 |   169 |   226 ||   510
  Use: Scroll            |       |     4 |       |     2 ||     6
       Potion            |       |       |       |     2 ||     2
Armor: Scale mail        |    49 |       |       |       ||    49
       Chain mail        |    14 |    38 |   108 |   114 ||   274
Dodge: Dodged            |    53 |    17 |    53 |    58 ||   181
Block: Buckler           |    21 |    19 |    29 |       ||    69
       Kite shield       |       |       |    23 |   162 ||   185
